 Dungeon Crawl Stone Soup version 0.23-a0-151-gf6d1ed2 (webtiles) character file.

118 Amnesiac the Cutter (level 4, 0/35 HPs)
             Began as a Mummy Abyssal Knight on Sept 8, 2018.
             Was a Believer of Lugonu.
             Slain by an adder (2 damage)
             ... on level 5 of the Dungeon.
             The game lasted 00:03:28 (2043 turns).

Amnesiac the Cutter (Mummy Abyssal Knight)          Turns: 2043, Time: 00:03:30

Health: 0/35       AC:  6    Str: 16    XL:     4   Next: 72%
Magic:  4/5        EV: 10    Int: 11    God:    Lugonu [**....]
Gold:   155        SH:  0    Dex: 11    Spells: 3/3 levels left

rFire    x . .     SeeInvis .   a - +1 short sword
rCold    + . .     Gourm    .   (no shield)
rNeg     + + +     Faith    .   c - +0 ring mail
rPois    ∞         Spirit   .   j - +0 helmet
rElec    .         Reflect  .   (no cloak)
rCorr    .         Harm     .   (no gloves)
MR       .....                  (no boots)
Stlth    +.........             (no amulet)
HPRegen  0.11/turn              (no ring)
MPRegen  0.09/turn              (no ring)

@: no status effects
A: no food or potions, fire vulnerability, cold resistance 1, negative energy
resistance 3, torment resistance, unbreathing
a: Depart the Abyss, Bend Space, Renounce Religion


You were on level 5 of the Dungeon.
You worshipped Lugonu.
Lugonu was pleased with you.
You were not hungry.

You visited 1 branch of the dungeon, and saw 5 of its levels.
You visited the Abyss 1 time.

You collected 155 gold pieces.

Inventory:

Hand Weapons
 a - a +1 short sword (weapon)
 b - a cursed +0 hunting sling
Armour
 c - a +0 ring mail (worn)
 j - a +0 helmet (worn)
Jewellery
 f - an uncursed amulet of harm {unknown}
Scrolls
 d - a scroll of teleportation {!r}
 e - 2 scrolls of magic mapping {!r}
 g - a scroll of noise {!r}
 h - 3 scrolls of remove curse {!r, unknown}


   Skills:
 - Level 3.0 Fighting
 + Level 4.1 Short Blades
 - Level 1.5 Armour
 - Level 0.7 Dodging
 - Level 1.5 Invocations


You had 3 spell levels left.
You didn't know any spells.
Your spell library was empty.

Dungeon Overview and Level Annotations

Branches:
Dungeon (5/15)
 Temple: D:4-7

Altars:
Makhleb


Innate Abilities, Weirdness & Mutations

You do not eat or drink.
Your flesh is vulnerable to fire.
You are immune to poison.
Your flesh is cold resistant. (rC+)
You are immune to negative energy. (rN+++)
You are immune to unholy pain and torment.
You can survive without breathing.


Message History

The adder bites you but does no damage.
There is a stone staircase leading down here.
The gnoll closely misses you. The adder barely misses you.
The adder bites you but does no damage. The gnoll barely misses you.
You climb downwards.
A worker ant and a phantom come into view.
The worker ant twitches its antennae in your direction.
Found four items.
Found a burning altar of Makhleb.
Found a stone staircase leading down.
There is a stone staircase leading up here.
The phantom blinks!
Found a robe.
The adder bites you.
* * * LOW HITPOINT WARNING * * *
The adder closely misses you.
Found a golden potion.
A jackal comes into view.
The jackal barks!
The adder barely misses you.
A jackal comes into view. x2
Okay, then.
Space bends around you!
You blink.
The phantom hits you.
* * * LOW HITPOINT WARNING * * *
The phantom blinks!
There is a stone staircase leading down here.
The adder closely misses you.
You climb downwards.
A leopard gecko and a shadow imp come into view.
Found 25 gold pieces and 18 sling bullets.
There is a stone staircase leading up here.
You miss the adder. The adder closely misses you.
You barely miss the adder.
The shadow imp sputters.
The shadow imp hits you but does no damage.
The adder closely misses you. The leopard gecko barely misses you.
You hit the adder.
The adder is moderately wounded.
The adder bites you but does no damage. The shadow imp hits you.
* * * LOW HITPOINT WARNING * * *
The leopard gecko barely misses you. The leopard gecko bites you.
* * * LOW HITPOINT WARNING * * *
The adder bites you.
* * * LOW HITPOINT WARNING * * *
Found a scroll labeled TOTHRO ZEFEPS.
The leopard gecko closely misses you.
Found 21 stones.
The adder barely misses you.
You hit the adder but do no damage.
The adder is moderately wounded.
The adder closely misses you.
You hit the adder.
The adder is severely wounded.
The leopard gecko closely misses you. The adder bites you.
* * * LOW HITPOINT WARNING * * *
Space bends around you!
You blink.
You closely miss the adder.
The adder is severely wounded.
The adder misses you.
The shadow imp hits you but does no damage.
There is a stone staircase leading up here.
The adder bites you.
You die...

###### #.....#
......(## ........#
........#####
........#...##
.............######
............5lS@..#
..............#####
................#
#..?..........$.#
................#
######.........##
#......$..#
#.(.....#.#


You could see an adder, a shadow imp and a leopard gecko.

Vanquished Creatures
  Robin (D:2)
  4 gnolls
  An adder (D:2)
  3 dart slugs (D:2)
  A leopard gecko (D:2)
  A ball python (D:1)
  4 giant cockroaches
  10 goblins
  10 hobgoblins
  5 kobolds
  A quokka (D:2)
  4 bats
  2 frilled lizards (D:1)
  4 rats
51 creatures vanquished.

Notes
Turn   | Place    | Note
-------+----------+-------------------------------------------
     0 | Abyss:1  | Amnesiac the Mummy Abyssal Knight began the quest for the
                  | Orb.
     0 | Abyss:1  | Reached XP level 1. HP: 18/18 MP: 2/2
    84 | Abyss:1  | Found a hazy altar of Hepliaklqana.
   118 | D:1      | Escaped the Abyss
   175 | D:1      | Reached skill level 2 in Short Blades
   219 | D:1      | Reached XP level 2. HP: 21/24 MP: 3/3
   607 | D:1      | Reached skill level 3 in Short Blades
   607 | D:1      | Reached XP level 3. HP: 13/29 MP: 4/4
   786 | D:1      | Reached ** piety under Lugonu
   938 | D:2      | Reached XP level 4. HP: 6/35 MP: 5/5
  1240 | D:2      | Noticed Robin
  1275 | D:2      | Killed Robin
  1553 | D:2      | Reached skill level 4 in Short Blades
  2013 | D:4      | Found a burning altar of Makhleb.
  2013 | D:4      | Noticed a phantom
  2027 | D:5      | Entered Level 5 of the Dungeon
  2043 | D:5      | Slain by an adder

Vault maps used:
D:1:      eino_arrival_water_star
D:2:      uniq_robin
D:3:      led_sif_pool, cheibriados_altar_1, uniq_ijyb, uniq_sigmund
D:4:      wad_lake_hut, overflow_temple_1_default, temple_statues, first_ration
D:5:      minitemple, minmay_item_behind_shaft, uniq_pikel

Skill      XL: |  1  2  3  4 |
---------------+-------------+-----
Short Blades   | 2 3 4 |  4.1
Fighting       | |  3.0
Armour         | |  1.5
Dodging        | |  0.7
Invocations    | |  1.5

Action                   |  1- 3 |  4- 6 || total
-------------------------+-------+-------++-------
Melee: Short sword       |   105 |   102 ||   207
Invok: Bend Space        |       |     2 ||     2
  Use: Scroll            |       |     6 ||     6
Armor: Ring mail         |    48 |    40 ||    88
Dodge: Dodged            |    62 |    80 ||   142

Table legend:
 A = Non-vault XP
 B = Vault XP
 C = Vault XP percentage of total XP
 D = Non-vault monster count
 E = Vault monster count
 F = Vault count percentage of total count
                 A         B        C        D         E       F
            +---------+---------+-------+---------+---------+-------
      Total |     136 |      33 |  19.5 |      40 |      11 |  21.6
            +---------+---------+-------+---------+---------+-------
        D:1 |      53 |       0 |   0.0 |      18 |       0 |   0.0
        D:2 |      74 |      33 |  30.8 |      17 |      11 |  39.3
        D:3 |       9 |       0 |   0.0 |       5 |       0 |   0.0
            +---------+---------+-------+---------+---------+-------
